 Dungeon Crawl Stone Soup version 0.16-a0-2989-gec99a28 (webtiles) character file.

55632 PolkaDot the Summoner (level 14, -14/90 HPs)
             Began as a Vampire Summoner on Dec 6, 2014.
             Was the Champion of Sif Muna.
             Demolished by an ettin
             ... wielding a +0 dire flail
              (31 damage)
             ... while paralysed by an orc sorcerer
             ... on level 15 of the Dungeon.
             The game lasted 02:09:34 (25691 turns).

PolkaDot the Summoner (Vampire Summoner)           Turns: 25691, Time: 02:09:35

Health: -14/90     AC: 18    Str:  5 (7)  XL:     14   Next: 39%
Magic:  4/23       EV:  2    Int: 23 (24) God:    Sif Muna [******]
Gold:   975        SH:  0    Dex: 13 (14) Spells: 5 memorised, 3 levels left

rFire  + + .     SeeInvis +     k - +5 short sword (flame)
rCold  + . .     Clarity  +     q - +3 troll leather armour {Purgy}
rNeg   . . .     SustAb   .     I - +7 buckler of the Heavens {+Fly rF+ Int+3}
rPois  .         Gourm    .     w - +0 helmet {SInv}
rElec  .         Spirit   .     N - +2 cloak {+Inv}
rCorr  .         Warding  .     x - +2 pair of gloves {archery}
rMut   .         Stasis   .     A - +0 pair of boots {Fly}
MR     +....                    n - amulet of clarity
Stlth  ++........               R - ring of protection from fire
                                c - ring of protection from cold

@: paralysed, flying, regenerating very quickly, somewhat resistant to hostile
enchantments, unstealthy
A: bottle blood, fangs 3, large bone plates 1, see invisible, deterioration 1,
spit poison 2, unbreathing
a: Spit Poison, Channel Energy, Forget Spell, Renounce Religion, Evoke
Invisibility, Stop Flying


You were on level 15 of the Dungeon.
You worshipped Sif Muna.
Sif Muna was exalted by your worship.
You were almost alive.

You visited 2 branches of the dungeon, and saw 23 of its levels.
You also visited: Sewer, Ice Cave and Volcano.

You collected 1634 gold pieces.
You spent 659 gold pieces at shops.

Inventory:

Hand weapons
 k - a +5 short sword of flaming (weapon)
Missiles
 G - 3 throwing nets (quivered)
Armour
 q - a +3 troll leather armour (worn) {Purgy}
 w - a +0 helmet of see invisible (worn)
 x - a +2 pair of gloves of archery (worn)
 A - a +0 pair of boots of flying (worn)
 I - the +7 buckler of the Heavens (worn) {+Fly rF+ Int+3}
   (You bought it in a shop on level 6 of the Dungeon)

   It affects your intelligence (+3).
   It protects you from fire.
   It lets you fly.
 N - a +2 cloak of invisibility (worn)
Magical staves
 Y - an uncursed staff of wizardry
Rods
 T - a +4 rod of the swarm (11/11)
   (You found it on level 6 of the Lair of Beasts)
 W - a +7 rod of inaccuracy (14/14)
   (You found it on level 6 of the Lair of Beasts)
Jewellery
 c - a ring of protection from cold (left hand)
 n - an amulet of clarity (around neck)
 s - an uncursed amulet of resist mutation
 B - an uncursed ring of protection from magic
 L - an uncursed amulet of resist corrosion
 R - a ring of protection from fire (right hand)
Magical devices
 z - a wand of slowing (25)
 F - a wand of hasting (3)
 Z - a wand of disintegration (18)
Scrolls
 a - 2 scrolls of brand weapon
 e - 3 scrolls of recharging
 l - 2 scrolls of teleportation
 m - 9 scrolls of remove curse
 o - 5 scrolls of amnesia
 p - a scroll of blinking
 t - 7 scrolls of identify
 y - 3 scrolls of fog
 C - 2 scrolls of vulnerability
 J - a scroll of immolation
 M - 3 scrolls of magic mapping
 Q - 2 scrolls of summoning
Potions
 d - 5 potions of restore abilities
 f - 32 potions of blood {@*1}
 g - 6 potions of resistance
 j - 3 potions of brilliance
 r - a potion of magic
 u - a potion of ambrosia
 v - 3 potions of cancellation
 D - 2 potions of agility
 E - 6 potions of curing
 O - 3 potions of invisibility
 U - a potion of flight
 X - a potion of haste
Books
 b - a book of Callings

   Spells                             Type                      Level
   a - Summon Small Mammal            Summoning                    1
   b - Call Imp                       Summoning                    2
   c - Call Canine Familiar           Summoning                    3
   d - Summon Guardian Golem          Hexes/Summoning              4
   e - Summon Lightning Spire         Summoning/Air                4
   f - Summon Ice Beast               Ice/Summoning                4
 h - a book of Frost

   Spells                             Type                      Level
   a - Freeze                         Ice                          1
   b - Throw Frost                    Conjuration/Ice              2
   c - Ozocubu's Armour               Charms/Ice                   3
   d - Throw Icicle                   Conjuration/Ice              4
   e - Summon Ice Beast               Ice/Summoning                4
   f - Condensation Shield            Ice                          4
 i - a Fen Folio

   Spells                             Type                      Level
   a - Corpse Rot                     Necromancy                   2
   b - Stone Arrow                    Conjuration/Earth            3
   c - Leda's Liquefaction            Hexes/Earth                  4
   d - Summon Forest                  Summoning/Translocation      5
   e - Hydra Form                     Transmutation                6
   f - Summon Hydra                   Summoning                    7
 H - Sif Muna's Volume of the Escort
   (Sif Muna gifted it to you on level 5 of the Lair of Beasts)

   Spells                             Type                      Level
   a - Summon Butterflies             Summoning                    1
   b - Summon Small Mammal            Summoning                    1
   c - Summon Demon                   Summoning                    5
   d - Aura of Abjuration             Summoning                    6
   e - Summon Greater Demon           Summoning                    7
 P - a book of Beasts

   Spells                             Type                      Level
   a - Summon Butterflies             Summoning                    1
   b - Call Canine Familiar           Summoning                    3
   c - Summon Ice Beast               Ice/Summoning                4
   d - Summon Mana Viper              Hexes/Summoning              5
   e - Monstrous Menagerie            Summoning                    6
   f - Summon Hydra                   Summoning                    7


   Skills:
 - Level 2.0 Fighting
 + Level 11.1 Short Blades
 - Level 5.1 Armour
 - Level 11.3 Dodging
 - Level 3.0 Stealth
 - Level 5.9 Shields
 * Level 3.4 Spellcasting
 - Level 5.4 Hexes
 + Level 14.6 Summonings
 - Level 6.0 Ice Magic
 - Level 5.0 Air Magic
 - Level 5.0 Invocations
 - Level 5.7 Evocations


You had 3 spell levels left.
You knew the following spells:

 Your Spells              Type           Power        Failure   Level  Hunger
b - Summon Butterflies    Summ           ######..     1%          1    None
d - Call Canine Familiar  Summ           ######..     1%          3    ###....
g - Summon Guardian Gole  Hex/Summ       ######..     1%          4    ####...
i - Summon Ice Beast      Ice/Summ       ######..     1%          4    ####...
l - Summon Lightning Spi  Summ/Air       #####...     1%          4    ####...


Dungeon Overview and Level Annotations

Branches:
Dungeon (15/15)            Temple (0/1) D:5            Lair (8/8) D:10
  Swamp (0/5) Lair:6        Snake (0/5) Lair:4        Slime (0/6) Lair:6
    Orc (0/4) D:10         Vaults (0/5) D:13
 Depths: D:15

Altars:
Ashenzari
Cheibriados
Dithmenos
Fedhas
Gozag
Makhleb
Nemelex Xobeh
Okawaru
Sif Muna
Xom
Zin
The Shining One
Jiyva

Shops:
D:4 *   D:5 *   D:6 ?([[?   D:9 [*(   D:12 ?   D:14 ?


Innate Abilities, Weirdness & Mutations

Your natural rate of healing is extremely fast.
You can bottle blood from corpses.
You have razor-sharp teeth.
You have supernaturally acute eyesight.
You can survive without breathing.
You are partially covered in large bone plates (AC +2, SH +2).
Your body is slowly deteriorating.
You can spit moderately strong poison.


Message History

The orc sorcerer dies!
The centaur zombie hits you.
The centaur zombie hits you but does no damage.
The ogre mage hits you from afar with a spear.
The centaur zombie hits you.
The centaur zombie hits you but does no damage.
The ogre mage hits you but does no damage.
The centaur zombie hits you but does no damage.
The ettin hits you with a dire flail!
* * * LOW HITPOINT WARNING * * *
The ettin hits you with a dire flail!!
* * * LOW HITPOINT WARNING * * *
The centaur zombie hits you but does no damage.
The centaur zombie hits you but does no damage.
The ogre mage hits you from afar with a spear.
* * * LOW HITPOINT WARNING * * *
The centaur zombie hits you.
* * * LOW HITPOINT WARNING * * *
The ettin hits you with a dire flail!!
You die...

. .# ###.#### ....#...#
........# #### #..#O..#
.##.##
#....ZC##..##..####
#....@h..# #.....#
#.###Z#### #..##.#
#.###.######...#.# .
#............#.#.####.
#..##............#.##.
#...#......##.#..#.###
#...#.####.##.#..#....
#<.........##.#..#....
#........###.....#..#....


You could see an ettin, an ogre mage (invisible), 2 centaur zombies and a
friendly wolf.

Vanquished Creatures
  A vault guard (D:13)
  Josephine (D:11)
  Fannar (D:12)
  2 hydras
  3 centaur warriors
  A death yak (Lair:8)
  An unseen horror (D:14)
  2 hill giants (D:14)
  2 ice statues (IceCv)
  A necromancer (D:13)
  2 lindwurms
  3 griffons
  4 spiny frogs
  3 black mambas
  2 molten gargoyles (Volcano)
  2 komodo dragons (Lair:4)
  A redback zombie (D:15)
  3 fire drakes
  A polar bear (Lair:4)
  A troll (D:10)
  2 two-headed ogres
  11 blink frogs
  2 shadows
  3 deep elf magi
  4 wyverns
  24 yaks
  6 fire bats (Volcano)
  A steam dragon (D:11)
  9 humans (D:13)
  8 wolves
  3 vampire mosquitoes (D:13)
  2 mottled dragons
  3 hungry ghosts
  12 water moccasins
  2 swamp worms (Lair:6)
  13 hippogriffs
  7 porcupines
  A sky beast (D:10)
  11 orc warriors
  A yellow wasp (D:14)
  A black bear (D:6)
  15 ice beasts
  4 crocodiles
  A centaur (D:10)
  2 boring beetles (Lair:8)
  7 ogres
  19 giant frogs
  A yaktaur skeleton (D:13)
  2 wyvern skeletons
  A jelly (D:14)
  7 killer bees
  7 wights
  An electric eel (Lair:6)
  2 giant frog zombies
  3 crimson imps
  7 hounds
  2 centaur zombies
  4 orc priests
  A centaur skeleton (D:6)
  A human zombie (D:13)
  A wyvern simulacrum (D:11)
  3 giant frog skeletons (D:11)
  4 iguanas
  A human skeleton (D:13)
  6 orc wizards
  3 killer bee zombies (D:14)
  6 worker ants
  11 sheep
  A hound zombie (D:9)
  A hound skeleton (D:9)
  Terence (D:3)
  30 river rats
  3 gnolls (D:6)
  28 adders
  A shadow imp (D:14)
  2 worms
  An adder zombie (D:7)
  6 giant geckos
  An ooze (D:3)
  49 orcs
  8 giant cockroaches
  12 hobgoblins
  5 jackals
  13 kobolds
  15 quokkas
  5 ball pythons
  8 bats
  9 giant newts
  7 goblins
  11 rats
  A ballistomycete (D:9)
  2 butterflies (Lair:1)
  A fungus (Lair:3)
506 creatures vanquished.

Vanquished Creatures (collateral kills)
  Roxanne (D:14)
  The ghost of Gorice the Gelid, a powerful DEIE of Sif Muna (D:15)
  Harold (Lair:8)
  An ogre mage (D:15)
  The ghost of nht the Martial Artist, a powerful MfTm of Yredelemnul (D:11)
  3 hydras
  4 death yaks (Lair:8)
  A tengu warrior (D:15)
  The ghost of Ratboiler the Basher, an experienced OgWn of Lugonu (D:7)
  A wizard (D:13)
  An unseen horror (D:10)
  3 lindwurms (Lair:6)
  2 hill giants
  An orc sorcerer (D:15)
  A griffon (Lair:5)
  An ugly thing (D:12)
  3 elephants (Lair:8)
  2 black mambas (Lair:7)
  A torpor snail (Lair:8)
  9 spiny frogs
  7 komodo dragons
  2 yaktaurs (D:13)
  A two-headed ogre (D:15)
  8 blink frogs
  5 slime creatures (D:15)
  4 wyverns
  A basilisk (Lair:4)
  A spriggan (D:8)
  9 humans (D:13)
  3 fire bats (Volcano)
  29 yaks
  2 hippogriffs
  Grum (D:10)
  18 wolves
  4 swamp worms (Lair:6)
  A naga (Lair:4)
  2 porcupines
  A yellow wasp (D:15)
  8 ice beasts
  A water moccasin (Lair:3)
  Purgy (Sewer)
  6 ogres
  2 orc warriors
  5 boggarts (D:15)
  2 centaurs
  2 crocodiles
  A yaktaur zombie (D:13)
  4 giant frogs
  A scorpion (D:3)
  2 wights (D:8)
  5 killer bees
  2 crimson imps
  2 goliath beetles
  A quasit (D:12)
  3 orc priests
  A jelly (D:10)
  2 orc wizards
  3 iguanas
  5 sheep
  A worker ant (D:6)
  6 gnolls
  23 river rats
  3 adders
  2 worms
  4 orcs
  A ball python (D:4)
  A bat zombie (D:7)
  4 hobgoblins
  2 quokkas
  2 bats
  2 giant newts
  2 goblins
  2 kobolds
  A rat (D:1)
253 creatures vanquished.

Vanquished Creatures (others)
  A death yak (Lair:8)
  14 guardian golems
  A vampire mosquito (Lair:8)
  15 wargs
  18 wolves
  A spider (Lair:8)
  2 lightning spires (D:15)
  A wyvern zombie (D:12)
  56 ice beasts
  A scorpion (Lair:8)
  A killer bee (Lair:8)
  5 crimson imps
  An iron imp (Lair:7)
  4 hounds
  2 worker ants (Lair:8)
  A shadow imp (D:12)
  A worm (Lair:8)
  2 bats (D:1)
  A giant spore (D:9)
  A rat (D:1)
  2 butterflies (D:14)
  3 plants
134 creatures vanquished.

Grand Total: 893 creatures vanquished

Notes
Turn   | Place    | Note
--------------------------------------------------------------
     0 | D:1      | PolkaDot, the Vampire Summoner, began the quest for the Orb.
     0 | D:1      | Reached XP level 1. HP: 13/13 MP: 3/3
   495 | D:1      | Reached XP level 2. HP: 20/20 MP: 4/4
   912 | D:1      | Reached skill level 1 in Fighting
  1195 | D:1      | Learned a level 2 spell: Call Imp
  1266 | D:2      | Found a glowing golden altar of the Shining One.
  1468 | D:2      | Reached XP level 3. HP: 9/26 MP: 3/6
  1518 | D:2      | Learned a level 3 spell: Call Canine Familiar
  2032 | D:3      | Noticed Terence
  2066 | D:3      | Killed Terence
  2066 | D:3      | Reached skill level 1 in Short Blades
  2066 | D:3      | Reached XP level 4. HP: 18/33 MP: 0/7
  2169 | D:3      | Noticed a scorpion
  2182 | D:3      | HP: 1/33 [scorpion (9)]
  2189 | D:3      | Killed a scorpion
  2375 | D:3      | Reached skill level 5 in Summonings
  2650 | D:3      | Reached XP level 5. HP: 25/38 MP: 9/9
  2676 | D:3      | Found a shattered altar of Ashenzari.
  2676 | D:3      | Found a sparkling altar of Nemelex Xobeh.
  2792 | D:3      | Found a shimmering altar of Xom.
  2940 | D:4      | Noticed an orc warrior
  3001 | D:4      | Killed an orc warrior
  3072 | D:4      | Found a snail-covered altar of Cheibriados.
  3080 | D:4      | Found a shadowy altar of Dithmenos.
  3119 | D:4      | Found a deep blue altar of Sif Muna.
  3122 | D:4      | Became a worshipper of Sif Muna the Loreminder
  3225 | D:4      | Found Nuon Lai's Assorted Antiques.
  3238 | D:4      | Bought a scroll of identify for 58 gold pieces
  3239 | D:4      | Noticed an ogre
  3254 | D:4      | Killed an ogre
  3254 | D:4      | Reached XP level 6. HP: 19/44 MP: 4/10
  3860 | D:5      | Entered Level 5 of the Dungeon
  3888 | D:5      | Reached skill level 6 in Summonings
  3906 | D:5      | Found Miytus' General Store.
  3940 | D:5      | Found a glowing silver altar of Zin.
  4056 | D:5      | Found a staircase to the Ecumenical Temple.
  4101 | D:5      | Found a burning altar of Makhleb.
  4435 | D:5      | Reached XP level 7. HP: 50/50 MP: 8/12
  4494 | D:6      | Got a jewelled great sword
  4495 | D:6      | Identified the cursed +3 great sword of Doom {antimagic, rF- Dex+3 SInv} (You found it on level 6 of the Dungeon)
  4501 | D:6      | Found Thraojuta's Antique Armour Boutique.
  4515 | D:6      | Bought a dyed leather armour for 52 gold pieces
  4541 | D:6      | Found Ehis' Weapon Emporium.
  4582 | D:6      | Found a glowing drain.
  4607 | Sewer    | Entered a sewer
  4614 | Sewer    | Reached skill level 5 in Short Blades
  4698 | Sewer    | Noticed Purgy
  4714 | Sewer    | Killed Purgy
  4714 | Sewer    | Acquired Sif Muna's first power
  4714 | Sewer    | Reached skill level 7 in Summonings
  4874 | D:6      | Found Mnasuf's Magic Scroll Boutique.
  5201 | D:6      | Found Siguec's Antique Armour Shop.
  5214 | D:6      | Learned a level 4 spell: Summon Ice Beast
  5314 | D:6      | Reached skill level 1 in Ice Magic
  5348 | D:6      | Found Smoptirr's Magic Scroll Shop.
  5921 | D:6      | Reached XP level 8. HP: 33/56 MP: 13/13
  5943 | D:6      | Bought a steaming buckler for 180 gold pieces
  5948 | D:6      | Identified the +7 buckler of the Heavens {+Fly rF+ Int+3} (You bought it in a shop on level 6 of the Dungeon)
  6067 | D:7      | Found a blossoming altar of Fedhas.
  6104 | D:7      | Noticed Ratboiler's ghost (experienced OgWn)
  6139 | D:7      | Killed Ratboiler's ghost
  6139 | D:7      | Acquired Sif Muna's second power
  6139 | D:7      | Reached skill level 8 in Summonings
  6244 | D:7      | Found an iron altar of Okawaru.
  6416 | D:7      | Reached skill level 5 in Ice Magic
  6429 | D:7      | Reached XP level 9. HP: 35/61 MP: 3/14
  6662 | D:8      | Found an opulent altar of Gozag.
  6841 | D:8      | Found a burning altar of Makhleb.
  7329 | D:6      | Bought a glowing cloak for 117 gold pieces
  7433 | D:9      | Found Cim Kegav's Antique Armour Shoppe.
  7481 | D:9      | Reached skill level 9 in Summonings
  7526 | D:9      | Gained mutation: You are frail (-10% HP). [potion of mutation]
  7526 | D:9      | Gained mutation: You are partially covered in large bone plates (AC +2, SH +2). [potion of mutation]
  7526 | D:9      | Gained mutation: You can spit poison. [potion of mutation]
  7631 | D:9      | Found Ysued's Weapon Shoppe.
  8032 | D:9      | Found Gaockeg's Assorted Antiques.
  8084 | D:10     | Entered Level 10 of the Dungeon
  8084 | D:10     | Noticed an unseen horror
  8097 | D:10     | Killed an unseen horror
  8125 | D:10     | Noticed Grum
  8138 | D:10     | Reached skill level 10 in Summonings
  8148 | D:10     | Killed Grum
  8190 | D:10     | Found a staircase to the Orcish Mines.
  8587 | D:10     | Reached XP level 10. HP: 60/60 MP: 16/16
  8613 | D:10     | Found a staircase to the Lair.
  8614 | D:10     | Noticed a komodo dragon
  8631 | D:10     | Killed a komodo dragon
  8657 | D:10     | Acquired Sif Muna's third power
  8692 | D:10     | Noticed a hill giant
  8700 | D:10     | Killed a hill giant
  8700 | D:10     | Reached skill level 11 in Summonings
  8707 | D:10     | Learned a level 4 spell: Summon Guardian Golem
  8933 | D:10     | Reached skill level 1 in Hexes
  9057 | D:11     | Found a frozen archway.
  9189 | IceCv    | Entered an ice cave
  9207 | IceCv    | Reached skill level 5 in Hexes
  9233 | IceCv    | Lost mutation: You are frail (-10% HP). [potion of mutation]
  9233 | IceCv    | Gained mutation: You can spit moderately strong poison. [potion of mutation]
  9233 | IceCv    | Gained mutation: Your body is slowly deteriorating. [potion of mutation]
  9238 | IceCv    | Noticed an ice statue
  9238 | IceCv    | Noticed an ice statue
  9289 | IceCv    | Killed an ice statue
  9289 | IceCv    | Reached skill level 1 in Shields
  9290 | IceCv    | HP: 2/67 [something (7)]
  9522 | IceCv    | Killed an ice statue
  9682 | D:11     | Noticed Josephine
  9695 | D:11     | Reached skill level 10 in Short Blades
  9716 | D:11     | Killed Josephine
  9782 | D:11     | Noticed a hill giant
  9793 | D:11     | Killed a hill giant
  9793 | D:11     | Reached XP level 11. HP: 72/72 MP: 2/17
 10253 | D:11     | Noticed nht's ghost (powerful MfTm)
 10327 | D:11     | Killed nht's ghost
 10327 | D:11     | Reached skill level 1 in Armour
 10450 | D:9      | Bought a pair of runed gloves for 135 gold pieces
 10555 | D:6      | Bought a pair of embroidered boots for 117 gold pieces
 10681 | D:9      | Got a dazzling buckler
 10692 | D:9      | Identified the +3 buckler of Contentment {Dex+3} (You found it on level 9 of the Dungeon)
 11217 | D:12     | Found a shattered altar of Ashenzari.
 11221 | D:12     | Found Engoy's Magic Scroll Emporium.
 11622 | D:12     | Noticed a six-headed hydra
 11638 | D:12     | Noticed Fannar
 11775 | D:12     | Killed a six-headed hydra
 11775 | D:12     | Reached skill level 5 in Shields
 11775 | D:12     | Reached skill level 12 in Summonings
 11927 | D:12     | Identified a scroll of acquirement
 12382 | D:12     | Killed Fannar
 12529 | Lair:1   | Entered Level 1 of the Lair of Beasts
 12919 | Lair:1   | Reached skill level 1 in Invocations
 15105 | Lair:3   | Got a polished leather armour
 15116 | Lair:3   | Identified the cursed +6 leather armour "Kufomin" {Str+4 Dex+3} (You found it on level 3 of the Lair of Beasts)
 15624 | Lair:3   | Reached XP level 12. HP: 78/78 MP: 18/18
 15719 | Lair:3   | Reached skill level 5 in Armour
 16429 | Lair:4   | Found a staircase to the Snake Pit.
 17536 | Lair:4   | Reached skill level 5 in Dodging
 18161 | Lair:5   | Found a dark tunnel.
 18166 | Volcano  | Entered a volcano
 18225 | Volcano  | Found a radiant altar of Vehumet.
 18248 | Volcano  | Reached skill level 13 in Summonings
 18430 | Volcano  | Reached skill level 5 in Invocations
 18577 | Lair:5   | Reached skill level 1 in Evocations
 18622 | Lair:5   | Received a gift from Sif Muna
 18652 | Lair:5   | Identified Sif Muna's Volume of the Escort (Sif Muna gifted it to you on level 5 of the Lair of Beasts)
 18820 | Lair:5   | Noticed a six-headed hydra
 18847 | Lair:5   | Killed a six-headed hydra
 19130 | Lair:5   | Reached XP level 13. HP: 83/83 MP: 3/21
 19987 | Lair:6   | Identified a +4 rod of the swarm (11/11) (You found it on level 6 of the Lair of Beasts)
 19991 | Lair:6   | Identified a +7 rod of inaccuracy (14/14) (You found it on level 6 of the Lair of Beasts)
 20088 | Lair:6   | Found a staircase to the Slime Pits.
 20088 | Lair:6   | Found a viscous altar of Jiyva.
 20614 | Lair:6   | Found a staircase to the Swamp.
 21236 | Lair:7   | Reached skill level 10 in Dodging
 21501 | Lair:7   | Found a shadowy altar of Dithmenos.
 21731 | Lair:8   | Entered Level 8 of the Lair of Beasts
 22136 | Lair:8   | Reached skill level 5 in Evocations
 22145 | Lair:8   | Reached skill level 14 in Summonings
 22385 | Lair:8   | Noticed Harold
 22435 | Lair:8   | Killed Harold
 22764 | Lair:8   | Got a crude spear
 22765 | Lair:8   | Identified the +9 spear "Hellblazer" {pain, Int-5 SInv} (You found it on level 8 of the Lair of Beasts)
 23197 | D:10     | Upgraded the game from 0.16-a0-2979-g562a0a4 to 0.16-a0-2989-gec99a28
 23199 | D:10     | Learned a level 1 spell: Summon Butterflies
 23206 | D:10     | Learned a level 4 spell: Summon Lightning Spire
 23300 | D:13     | Noticed a centaur warrior
 23324 | D:13     | Killed a centaur warrior
 23324 | D:13     | Reached skill level 1 in Air Magic
 23880 | D:13     | Noticed a wizard
 23889 | D:13     | Killed a wizard
 23894 | D:13     | Reached XP level 14. HP: 83/90 MP: 5/23
 23917 | D:13     | Found a gate to the Vaults.
 23917 | D:13     | Noticed a necromancer
 23917 | D:13     | Noticed a vault guard
 23937 | D:13     | Killed a necromancer
 23967 | D:13     | Killed a vault guard
 24517 | D:14     | Found Ployhih's Magic Scroll Shop.
 24883 | D:14     | Noticed Roxanne
 25309 | D:14     | Killed Roxanne
 25309 | D:14     | Reached skill level 5 in Air Magic
 25343 | D:15     | Entered Level 15 of the Dungeon
 25361 | D:15     | Noticed Gorice's ghost (powerful DEIE)
 25392 | D:15     | Killed Gorice's ghost
 25674 | D:15     | Paralysed by an orc sorcerer for 3 turns
 25686 | D:15     | Paralysed by an orc sorcerer for 5 turns
 25691 | D:15     | Demolished by an ettin

Action                   |  1- 3 |  4- 6 |  7- 9 | 10-12 | 13-15 || total
-------------------------+-------+-------+-------+-------+-------++-------
Melee: Dagger            |   107 |       |       |       |       ||   107
       Unarmed           |    18 |       |       |       |       ||    18
       Short sword       |    51 |   238 |   401 |  1405 |  1086 ||  3181
Throw: Throwing net      |       |       |       |       |     2 ||     2
 Cast: Summon Small Mamm |    16 |     1 |       |       |       ||    17
       Call Imp          |     2 |    18 |    14 |     3 |     2 ||    39
       Call Canine Famil |     2 |    10 |    20 |    31 |    27 ||    90
       Summon Ice Beast  |       |       |    17 |   119 |   109 ||   245
       Summon Guardian G |       |       |       |     4 |    14 ||    18
       Summon Butterflie |       |       |       |       |     2 ||     2
       Summon Lightning  |       |       |       |       |     6 ||     6
Invok: Channel Energy    |       |       |    43 |    14 |    77 ||   134
 Abil: End Transformatio |       |       |     1 |       |       ||     1
       Bat Form          |       |       |     1 |       |       ||     1
       Evoke Invisibilit |       |       |       |     4 |     1 ||     5
       Evoke Flight      |       |       |       |     1 |       ||     1
       Turn Visible      |       |       |       |     1 |       ||     1
Evoke: Wand              |       |       |       |    19 |       ||    19
       Rod               |       |       |       |       |     4 ||     4
  Use: Potion            |     7 |    20 |    51 |    79 |    90 ||   247
       Scroll            |       |     4 |    16 |    18 |    15 ||    53
 Stab: Sleeping          |     5 |     3 |     2 |    26 |     5 ||    41
       Distracted        |       |     2 |     3 |    15 |    10 ||    30
       Invisible         |       |       |     2 |       |     5 ||     7
       Fleeing           |       |       |       |     1 |       ||     1
       Held in net/web   |       |       |       |       |     1 ||     1
  Eat: Corpse            |    12 |       |       |    26 |       ||    38
